[Event "*** Titled Tuesday Blitz"]
[Site "Chess.com"]
[Date "2019.07.02"]
[Round "5"]
[White "akgod"]
[Black "Karina_Ivanova"]
[Result "1-0"]
[WhiteElo "2216"]
[BlackElo "2183"]
[TimeControl "180+2"]
[EndTime "14:06:26 PDT"]
[Termination "akgod won by checkmate"]

1. d4 Nf6 2. c4 e6 3. Nf3 b6 4. g3 Bb7 5. Bg2 Be7 6. O-O O-O 7. Re1 Na6 8. Nc3 Ne4 9. Nxe4 Bxe4 10. Ne5 Bxg2 11.
Kxg2 c6 12. e4 Qc8 13. Qg4 Bf6 14. Bh6 d5 15. Re3 Re8 16. Rf3 Bxe5 17. dxe5 g6 18.
Qf4 f5 19. exf6 Kf7 20. e5 dxc4 21. Qxc4 b5 22. Qh4 Nc7 23. Bg7 h5 24. g4 hxg4 25.
Qxg4 Rg8 26. Rg3 Rxg7 27. fxg7 Qg8 28. Qxg6+ Ke7 29. Qf6+ Kd7 30. Rd1+ Nd5 31. Rg6 Re8 32. h4 Kc7 33. Rxd5 cxd5 34. h5 d4 35. h6 d3 36. h7 Qxh7 37. Qf7+ Kb6 38. Qxe8 d2 39. Qxe6+ Ka5 40. Qa6+ Kb4 41. a3+ Kb3 42. Qxb5+ Ka2 43.
Qd5+ Ka1 44. g8=Q d1=Q 45. Qxd1+ Kxb2 46. Qxh7 Ka2 47. Qb7 Kxa3 48. Qdb1 a5 49. Q7b3# 1-0

[Event "*** Titled Tuesday Blitz"]
[Site "Chess.com"]
[Date "2019.07.02"]
[Round "5"]
[White "Mbneu"]
[Black "Spring199"]
[Result "1-0"]
[WhiteElo "2322"]
[BlackElo "2190"]
[TimeControl "180+2"]
[EndTime "14:06:27 PDT"]
[Termination "Mbneu won by checkmate"]

1. d4 Nf6 2. c4 e6 3. Nc3 Bb4 4. Bg5 d5 5. e3 O-O 6. Nf3 dxc4 7. Bxc4 c5 8. O-O Nbd7 9. a3 Bxc3 10. bxc3 h6 11. Bh4 b6 12. d5 exd5 13. Bxd5 Ba6 14. Re1 Rc8 15. e4 g5 16. Bg3 Nxd5 17. exd5 Nf6 18.
Qa4 Bb7 19. c4 a6 20. Rad1 b5 21. cxb5 axb5 22. Qxb5 Bxd5 23. Be5 Re8 24. Bxf6 Rxe1+ 25. Nxe1 Qxf6 26. Rxd5 Qa1 27. Qe2 Qxa3 28. h4 c4 29. hxg5 c3 30. gxh6 Qb4 31. Rg5+ Kf8 32. h7 Qd4 33.
Rg8# 1-0

[Event "*** Titled Tuesday Blitz"]
[Site "Chess.com"]
[Date "2019.07.02"]
[Round "5"]
[White "WildTricks"]
[Black "GeorgeTen"]
[Result "0-1"]
[WhiteElo "2306"]
[BlackElo "2252"]
[TimeControl "180+2"]
[EndTime "14:06:32 PDT"]
[Termination "GeorgeTen won by checkmate"]

1. c4 c5 2. Nf3 Nc6 3. Nc3 e5 4.
e3 Nf6 5. d4 cxd4 6. exd4 e4 7.
Ne5 Bb4 8. Be2 Qe7 9. O-O Nxe5 10. dxe5 Qxe5 11. Bd2 O-O 12. Nxe4 Bxd2 13. Nxd2 Qxb2 14. Nb3 d6 15. Qxd6 Qxe2 16. Rfe1 Qh5 17. Rad1 Be6 18. Re5 Qg6 19. Na5 Bh3 20. g3 Qg4 21. Re3 h6 22. Nxb7 Qxc4 23. a3 Rab8 24. Na5 Qc2 25. Nc6 Rb1 26.
Ree1 Rxd1 27. Rxd1 Ne4 28. Ne7+ Kh7 29. Qd4 Rd8 30. Qxe4+ Qxe4 31. Rd3 Qe1# 0-1

[Event "*** Titled Tuesday Blitz"]
[Site "Chess.com"]
[Date "2019.07.02"]
[Round "5"]
[White "bluejay1897"]
[Black "CarrotsandPizza"]
[Result "0-1"]
[WhiteElo "2241"]
[BlackElo "2291"]
[TimeControl "180+2"]
[EndTime "14:06:33 PDT"]
[Termination "CarrotsandPizza won by resignation"]

1. Nf3 Nf6 2. g3 g6 3. b3 Bg7 4. Bb2 a5 5. a4 O-O 6. Bg2 d6 7.
d4 Nc6 8. O-O e5 9. Nbd2 e4 10.
Ne1 e3 11. fxe3 Ng4 12. Rf3 Re8 13. Nf1 Bh6 14. Bc1 Nf6 15. Nd3 Bg4 16. Rf2 Ne4 17. Bxe4 Rxe4 18. Nf4 Ne7 19. Qd3 Bf5 20. Qb5 Qc8 21. Nd2 Rxe3 22. Nc4 Re4 23. c3 c6 24. Qb6 Qd7 25. Nxa5 Ra6 26. Qb4 c5 27. Qb5 cxd4 28. cxd4 Qxb5 29. axb5 Rb6 30. Nc4 Rxb5 31. Nxd6 Rxb3 32.
Nxe4 Bxe4 33. Ra8+ Bf8 34. Rf3 Rb1 35. Rf1 b5 36. Nd3 Bxa8 37. Bg5 Rxf1+ 38. Kxf1 Nf5 0-1

[Event "*** Titled Tuesday Blitz"]
[Site "Chess.com"]
[Date "2019.07.02"]
[Round "5"]
[White "Supernotar"]
[Black "Barrelius"]
[Result "0-1"]
[WhiteElo "2600"]
[BlackElo "2566"]
[TimeControl "180+2"]
[EndTime "14:06:34 PDT"]
[Termination "Barrelius won by resignation"]

1. d4 d5 2. c4 e6 3. Nf3 Nf6 4. e3 Be7 5. Nbd2 O-O 6. Bd3 b6 7. O-O Ba6 8. Qe2 c5 9. b3 Nbd7 10. Bb2 Rc8 11. Rac1 cxd4 12. Bxd4 Ba3 13. Rcd1 Qe7 14.
cxd5 Bxd3 15. Qxd3 e5 16. Bxe5 Nxe5 17. Nxe5 Qxe5 18.
Nc4 Rxc4 19. bxc4 Bd6 20. g3 h5 21. Rfe1 h4 22. e4 hxg3 23. hxg3 Qg5 24. Kf1 Bc5 25. f4 Qh5 26. Kg2 Ng4 27. Rd2 g5 28. Rh1 Ne3+ 29. Kg1 Qf3 30. Rh3 Ng4+ 31. Qd4 Bxd4+ 0-1

[Event "*** Titled Tuesday Blitz"]
[Site "Chess.com"]
[Date "2019.07.02"]
[Round "5"]
[White "MagnusSeinFanboy"]
[Black "johnathan113"]
[Result "0-1"]
[WhiteElo "2478"]
[BlackElo "2686"]
[TimeControl "180+2"]
[EndTime "14:06:36 PDT"]
[Termination "johnathan113 won by resignation"]

1. d4 Nf6 2. c4 g6 3. Nc3 Bg7 4. e4 d6 5. Nf3 O-O 6. Be2 Nbd7 7.
O-O e5 8. Be3 c6 9. d5 c5 10.
Ne1 Ne8 11. g4 Bf6 12. Qd2 Ng7 13. Nd3 Bh4 14. f4 exf4 15. Bxf4 Qe7 16. Nb5 Ne8 17. Bf3 f6 18. Nc3 Bg5 19. Bxg5 fxg5 20. e5 Nxe5 21. Rae1 Rxf3 22. Nxe5 Rxf1+ 23. Rxf1 dxe5 24. Ne4 Bxg4 25.
d6 Qe6 26. Qxg5 Bf5 27. Nxc5 Qxd6 28. Rxf5 Qxc5+ 29. Rf2 Nd6 30. Qf6 Ne4 31. Qf7+ Kh8 32. Qxb7 Qxf2+ 0-1

[Event "*** Titled Tuesday Blitz"]
[Site "Chess.com"]
[Date "2019.07.02"]
[Round "5"]
[White "OparinGrigoriy"]
[Black "TheCount"]
[Result "1-0"]
[WhiteElo "2989"]
[BlackElo "2787"]
[TimeControl "180+2"]
[EndTime "14:06:39 PDT"]
[Termination "OparinGrigoriy won by resignation"]

1. Nf3 Nf6 2. g3 g6 3. Bg2 Bg7 4. c4 O-O 5. Nc3 d5 6. cxd5 Nxd5 7. h4 Nxc3 8. bxc3 h6 9. d4 c5 10. O-O Nc6 11. e3 Bf5 12. Nd2 cxd4 13. cxd4 Bd3 14. Re1 e5 15. d5 Nb4 16. Ba3 Qa5 17. Qb3 Nc2 18. Bxf8 Nxa1 19. Qxd3 Rxf8 20. d6 Rd8 21. Rd1 Qxa2 22. Be4 a5 23. h5 gxh5 24. Nc4 Nb3 25. Bd5 Nc5 26. Qg6 Ne6 27. Bxe6 fxe6 28. Qxe6+ Kh8 29.
Rd2 Qb1+ 30. Kh2 Qb5 31. d7 Qc6 32. Qxc6 bxc6 33. Nxa5 Bf6 34. Nxc6 1-0

[Event "*** Titled Tuesday Blitz"]
[Site "Chess.com"]
[Date "2019.07.02"]
[Round "5"]
[White "NM2019"]
[Black "MikeSailer"]
[Result "1-0"]
[WhiteElo "2133"]
[BlackElo "2067"]
[TimeControl "180+2"]
[EndTime "14:06:43 PDT"]
[Termination "NM2019 won by resignation"]

1. e4 d5 2. exd5 Qxd5 3. Nf3 Bg4 4. Be2 Nc6 5. d3 O-O-O 6. O-O e5 7. Nc3 Qd7 8. h3 Bxf3 9. Bxf3 Nd4 10. Bd5 Nf6 11.
Bb3 h6 12. Be3 g5 13. Bxd4 exd4 14. Ne2 Bc5 15. Ng3 Rhe8 16. Qf3 Nd5 17. Bxd5 Qxd5 18. Rfe1 Rxe1+ 19. Rxe1 Qxf3 20. gxf3 Kd7 21. Nf5 h5 22. Re4 Kc6 23. a3 a5 24. Kg2 a4 25. Ng7 h4 26.
Nf5 Rd5 27. Ne7+ Bxe7 28. Rxe7 Rd7 29. Re4 Kd5 30. f4 f6 31. Kf3 Rf7 32. Re8 b5 33. f5 c6 34. Kg4 Rd7 35. Kh5 Rd6 36.
Kg6 c5 37. f3 c4 38. Rb8 Kc5 39. Rf8 cxd3 40. cxd3 b4 41. Rxf6 Rxf6+ 42. Kxf6 bxa3 43. bxa3 Kd5 44. Kxg5 Ke5 45. f4+ 1-0

[Event "*** Titled Tuesday Blitz"]
[Site "Chess.com"]
[Date "2019.07.02"]
[Round "5"]
[White "Alex_Molchanov"]
[Black "Doraemon7"]
[Result "1-0"]
[WhiteElo "2579"]
[BlackElo "2576"]
[TimeControl "180+2"]
[EndTime "14:06:47 PDT"]
[Termination "Alex_Molchanov won by resignation"]

1. Nf3 d5 2. g3 g6 3. Bg2 Bg7 4. O-O e5 5. d4 e4 6. Ne1 Ne7 7. Bg5 f6 8. Bc1 O-O 9. f3 f5 10. Bg5 Nd7 11. e3 Nf6 12. Bxf6 Rxf6 13. f4 Rb6 14. b3 a5 15. Nd2 a4 16. c4 c6 17. Nc2 Be6 18. c5 Rba6 19. b4 a3 20. Rb1 Bd7 21. Qc1 b5 22. Rb3 Qb8 23. Rf2 Qa7 24.
Nb1 Kf7 25. Rxa3 Ng8 26. Bf1 Nf6 27. Be2 h5 28. Bd1 Bf8 29. Rxa6 Qxa6 30. Ne1 h4 31. gxh4 Be7 32. Ng2 Ng4 33. Bxg4 fxg4 34. Nc3 Qa3 35. Qxa3 Rxa3 36. Rc2 Kg7 37. Kf2 Kh6 38.
Nb1 Ra4 39. a3 Kh5 40. Kg3 Bf6 41. Ra2 Bd8 42. Nc3 Ra7 43. a4 Bc7 44. axb5 Rxa2 45.
Nxa2 cxb5 46. Nc3 Bc6 47. h3 gxh3 48. Kxh3 Bd8 49. Kg3 Bc7 50. Ne2 Bd7 51. Nc3 Bc6 52.
Kh3 Bd7+ 53. Kh2 Bc6 54. Kg3 Bb8 55. Ne1 Bc7 56. Nc2 Bd8 57. Na3 Bxh4+ 58. Kg2 Be1 59. Naxb5 Kg4 60. Kf1 Bh4 61. Ke2 1-0

[Event "*** Titled Tuesday Blitz"]
[Site "Chess.com"]
[Date "2019.07.02"]
[Round "5"]
[White "TheBigBadChessDad"]
[Black "pr1105"]
[Result "1-0"]
[WhiteElo "2294"]
[BlackElo "2206"]
[TimeControl "180+2"]
[EndTime "14:06:47 PDT"]
[Termination "TheBigBadChessDad won by checkmate"]

1. d4 Nf6 2. Nf3 e6 3. Bf4 d5 4.
e3 c5 5. c3 Nc6 6. Nbd2 Bd6 7.
Bg3 O-O 8. Bd3 b6 9. e4 Be7 10. e5 Nh5 11. a3 a5 12. Qe2 c4 13. Bc2 b5 14. O-O Ba6 15. Ne1 g6 16. f4 Ng7 17.
Nef3 b4 18. Ng5 bxc3 19. bxc3 Rb8 20. Ra2 Rb6 21. Ndf3 Qb8 22. Ba4 Bb5 23. Bd1 Ba6 24. Be1 Rb1 25. g4 Bb5 26. Rb2 Rxb2 27. Qxb2 a4 28.
Rf2 Na5 29. Bc2 Nb3 30. f5 exf5 31. gxf5 Nxf5 32. Bxf5 gxf5 33. Rg2 Kh8 34. Qf2 Qb6 35. Qh4 h6 36. Qh5 Be8 37. e6 Bxg5 38. Nxg5 fxe6 39. Qxh6+ Kg8 40. Qh7# 1-0

[Event "*** Titled Tuesday Blitz"]
[Site "Chess.com"]
[Date "2019.07.02"]
[Round "5"]
[White "GelmanAlexander"]
[Black "Galileo22"]
[Result "0-1"]
[WhiteElo "2548"]
[BlackElo "2400"]
[TimeControl "180+2"]
[EndTime "14:06:49 PDT"]
[Termination "Galileo22 won on time"]

1. d4 e6 2. Nc3 d5 3. Bf4 Nf6 4. Nb5 Na6 5. e3 Be7 6. g4 O-O 7. g5 Nd7 8. h4 c6 9. Nc3 Nc7 10.
Bd3 Ne8 11. Qh5 f5 12. gxf6 Nexf6 13. Qe2 Bb4 14. Nf3 c5 15. Ng5 Qe7 16. dxc5 e5 17.
Bg3 Nxc5 18. Kf1 Bd7 19. Nxd5 Nxd5 20. Bxh7+ Kh8 21. Bg6 Nf6 22. c3 Ba5 23. b4 Bb6 24. bxc5 Qxc5 25. Kg1 Qxc3 26. Rd1 Be8 27. Bb1 Qc6 28.
Rh2 Bh5 29. Qd3 Rad8 30. Qd7 Rxd7 0-1

[Event "*** Titled Tuesday Blitz"]
[Site "Chess.com"]
[Date "2019.07.02"]
[Round "5"]
[White "Saitama_Hero"]
[Black "novocane"]
[Result "1-0"]
[WhiteElo "2253"]
[BlackElo "2243"]
[TimeControl "180+2"]
[EndTime "14:06:50 PDT"]
[Termination "Saitama_Hero won by resignation"]

1. b3 e5 2. Bb2 Nc6 3. Nf3 Bd6 4. e4 Nf6 5. Nc3 O-O 6. Bc4 a6 7. a4 Ne7 8. d4 Ng6 9. O-O Qe7 10. Re1 c6 11.
Ne2 Nxe4 12. Ng3 Nxg3 13. hxg3 e4 14. d5 b5 15. axb5 cxb5 16. Qd4 f6 17. Rxe4 Qf7 18. Bxb5 Ne5 19. Qe3 Bb7 20. Bxe5 fxe5 21. Bc4 Bxd5 22. Bxd5 Qxd5 23. c4 Qc6 24. Rd1 Bc5 25. Qd3 d6 26. Rd2 a5 27. Rg4 h6 28. Qg6 Rf7 29. Nxe5 Bxf2+ 30. Kh2 Bxg3+ 31. Rxg3 Qc7 32. Nxf7 Qxf7 33. Qxf7+ Kxf7 34. Rxd6 1-0

[Event "*** Titled Tuesday Blitz"]
[Site "Chess.com"]
[Date "2019.07.02"]
[Round "5"]
[White "CMS13"]
[Black "JuliaEfremova"]
[Result "0-1"]
[WhiteElo "1983"]
[BlackElo "1966"]
[TimeControl "180+2"]
[EndTime "14:06:55 PDT"]
[Termination "JuliaEfremova won by checkmate"]

1. e4 c6 2. Nc3 d5 3. Nf3 dxe4 4. Nxe4 Nf6 5. Qe2 Nxe4 6. Qxe4 Nd7 7. Bc4 Nf6 8. Ne5 e6 9. Qe2 Bc5 10. O-O O-O 11. c3 b5 12. Bb3 Bb7 13. d4 Bd6 14.
Bg5 Be7 15. Rfe1 Nd5 16. Bxe7 Nxe7 17. Nxf7 Rxf7 18. Qxe6 Nd5 19. Re5 Qf6 20. Rae1 Rf8 21. f3 Qxe6 22. Rxe6 g6 23. a4 bxa4 24. Bxa4 Kg7 25.
Bxc6 Nf4 26. Rd6 Bxc6 27. Rxc6 h5 28. c4 h4 29. d5 h3 30. gxh3 Nxh3+ 31. Kg2 Rxf3 32.
Re7+ Kh6 33. Rcc7 Kg5 34. Re5+ Kg4 35. Re4+ R8f4 36. Rxf4+ Nxf4+ 37. Kg1 Nh3+ 38. Kg2 Rf2+ 39. Kh1 Rf1+ 40. Kg2 Rg1# 0-1

[Event "*** Titled Tuesday Blitz"]
[Site "Chess.com"]
[Date "2019.07.02"]
[Round "5"]
[White "ChessWeebs"]
[Black "Hrant_ChessMood"]
[Result "1-0"]
[WhiteElo "2809"]
[BlackElo "2946"]
[TimeControl "180+2"]
[EndTime "14:06:58 PDT"]
[Termination "ChessWeebs won on time"]

1. c4 e5 2. Nc3 Bb4 3. Qc2 Nf6 4. Nf3 d6 5. e3 O-O 6. a3 Ba5 7. b4 Bb6 8. Na4 Nc6 9. Bb2 Re8 10. Be2 h6 11.
O-O Bg4 12. Rfe1 e4 13. Nxb6 axb6 14. Nd4 Ne5 15. f3 exf3 16. Nxf3 Qe7 17. d3 Bxf3 18. Bxf3 c6 19. e4 c5 20. Rf1 Rac8 21. b5 Rf8 22. Be2 Ne8 23. Qd2 Nc7 24. Rf5 Ne6 25. Qe3 f6 26.
Raf1 Ra8 27. h4 Nd4 28. Bxd4 cxd4 29. Qxd4 Rxa3 30. Qxb6 Nxd3 31. R5f3 Qxe4 32. Qe3 Qxe3+ 33. Rxe3 Nf4 34. Rxa3 Nxe2+ 35. Kf2 Nf4 36. Rd1 Rc8 37. Rd4 Ng6 38. Ra7 b6 39. Rxd6 Ne5 40. Rxb6 Rxc4 41.
Rbb7 Rg4 42. b6 1-0

[Event "*** Titled Tuesday Blitz"]
[Site "Chess.com"]
[Date "2019.07.02"]
[Round "5"]
[White "DACF2905"]
[Black "aa175"]
[Result "1/2-1/2"]
[WhiteElo "2235"]
[BlackElo "2269"]
[TimeControl "180+2"]
[EndTime "14:06:58 PDT"]
[Termination "Game drawn by repetition"]

1. e4 e5 2. Nf3 f5 3. d4 exd4 4. exf5 Nc6 5. Nxd4 Nxd4 6. Qxd4 Nf6 7. Nc3 Be7 8. Bc4 c6 9. O-O d5 10. Bd3 O-O 11.
Bg5 Qb6 12. Qxb6 axb6 13. a3 h6 14. Bh4 Bd7 15. Rfe1 Bc5 16. h3 Rae8 17. Kf1 Bd4 18. Rxe8 Rxe8 19. Re1 Rxe1+ 20. Kxe1 Kf7 21. Nd1 c5 22. c4 Ba4 23. b4 Bxd1 24. Kxd1 Ke8 25. Bxf6 gxf6 26. cxd5 Bxf2 27. Kc2 Ke7 28. g4 Kd6 29. Bc4 Be1 30. Kb3 cxb4 31. axb4 b5 32. Bxb5 Kxd5 33. Be8 Ke5 34. Kc4 b6 35. Kb5 Kf4 36.
Kxb6 Bxb4 37. Kc6 Kg3 38. Bh5 Kxh3 39. Kd5 Bd2 40. Ke6 Bg5 41. Kf7 Kg3 42. Kg6 Kf4 43.
Kf7 Ke5 44. Ke7 Bf4 45. Kf7 Bg5 46. Kg6 Kd4 47. Kf7 Kc5 48. Ke6 Kb4 49. Kd5 Kc3 50.
Ke4 Kb2 51. Kf3 Ka3 52. Bf7 Kb2 53. Be6 Ka1 54. Ke4 Kb2 55. Bf7 Ka3 56. Bh5 Kb4 57.
Kd5 Ka5 58. Kc6 Kb4 59. Kd5 1/2-1/2

[Event "*** Titled Tuesday Blitz"]
[Site "Chess.com"]
[Date "2019.07.02"]
[Round "5"]
[White "lavr92"]
[Black "LucaBrasi1968"]
[Result "0-1"]
[WhiteElo "2594"]
[BlackElo "2442"]
[TimeControl "180+2"]
[EndTime "14:06:58 PDT"]
[Termination "LucaBrasi1968 won by checkmate"]

1. d4 f5 2. Bg5 g6 3. Nc3 d5 4. h4 Bg7 5. Qd3 c6 6. O-O-O Be6 7. Qg3 Nd7 8. Nf3 Ngf6 9. Ne5 Nxe5 10. dxe5 Nd7 11.
Bf4 Qc7 12. h5 Bxe5 13. Bxe5 Qxe5 14. f4 Qg7 15. hxg6 O-O-O 16. Qe3 Qf6 17. Qxa7 hxg6 18. Rxh8 Rxh8 19. e3 Bf7 20. Be2 Qd6 21. Rd4 Qb8 22. Qa3 Qd6 23. Rb4 Nb8 24. Na4 Rh1+ 25. Kd2 Rh2 26. Qb3 d4 27. Nb6+ Kc7 28. Na8+ Kc8 29. Qa4 dxe3+ 30. Kxe3 Rxg2 31. Bf3 Qd2# 0-1

[Event "*** Titled Tuesday Blitz"]
[Site "Chess.com"]
[Date "2019.07.02"]
[Round "5"]
[White "Gattass"]
[Black "Aknok"]
[Result "0-1"]
[WhiteElo "2288"]
[BlackElo "2367"]
[TimeControl "180+2"]
[EndTime "14:07:05 PDT"]
[Termination "Aknok won by checkmate"]

1. e3 d5 2. d4 Bf5 3. c4 e6 4. Nc3 Nf6 5. Nf3 c6 6. b3 Nbd7 7. Be2 h6 8. O-O Bd6 9. Re1 O-O 10. h3 Qe7 11. Bd3 Ne4 12. Bxe4 Bxe4 13. Nd2 Bg6 14. f4 dxc4 15. Nxc4 Bb4 16. Bd2 c5 17. a3 cxd4 18.
axb4 dxc3 19. Bxc3 Rfd8 20. Qd6 Qxd6 21. Nxd6 b6 22. Bd4 Nf6 23. Nb5 a6 24. Nc7 Rac8 25. Bxb6 Rd2 26. Rf1 Ne4 27. Rxa6 Ng3 28. Rf2 Rd1+ 29.
Kh2 Nf1+ 30. Rxf1 Rxf1 31. Ra7 Be4 32. b5 Rf2 33. Kg1 Rxg2+ 34. Kf1 Rh2 35. Bd4 g5 36.
fxg5 hxg5 37. b6 Kh7 38. b7 Rxc7 39. b8=Q Rc1# 0-1

[Event "*** Titled Tuesday Blitz"]
[Site "Chess.com"]
[Date "2019.07.02"]
[Round "5"]
[White "PotapovaM"]
[Black "Margency"]
[Result "1-0"]
[WhiteElo "2512"]
[BlackElo "2619"]
[TimeControl "180+2"]
[EndTime "14:07:09 PDT"]
[Termination "PotapovaM won by resignation"]

1. d4 Nf6 2. c4 g6 3. Nc3 Bg7 4. e4 d6 5. h3 O-O 6. Be3 e5 7. d5 a5 8. c5 Na6 9. cxd6 cxd6 10.
Nf3 Bd7 11. Be2 Nh5 12. g3 f5 13. exf5 gxf5 14. Ng5 f4 15. Bxh5 fxe3 16. Nce4 exf2+ 17. Kf1 Qb6 18. Kg2 Qxb2 19. Rf1 Bb5 20. Qg4 Nc7 21. Nxh7 Kxh7 22. Bg6+ Kg8 23. Qh5 Rf6 24.
Nxf6+ Kf8 25. Ne4 Bxf1+ 26. Rxf1 Ke7 27. Rxf2 Qd4 28. Qh4+ Kd7 29. Bf5+ Ke8 30. Nxd6+ Kf8 31. Be6+ Qxf2+ 32. Kxf2 Ra6 33. Qd8+ 1-0

[Event "*** Titled Tuesday Blitz"]
[Site "Chess.com"]
[Date "2019.07.02"]
[Round "5"]
[White "amylazy"]
[Black "theblitzchamp"]
[Result "0-1"]
[WhiteElo "2412"]
[BlackElo "2641"]
[TimeControl "180+2"]
[EndTime "14:07:11 PDT"]
[Termination "theblitzchamp won by resignation"]

1. d4 Nf6 2. Nf3 g6 3. g3 Bg7 4. Bg2 O-O 5. O-O d6 6. a4 Nbd7 7. a5 a6 8. Nc3 e5 9. e4 exd4 10. Nxd4 Nc5 11. h3 Bd7 12. Be3 Re8 13. Nb3 Ncxe4 14. Nxe4 Nxe4 15. Bd4 Nf6 16. Bxb7 Bxh3 17. Re1 Rxe1+ 18. Qxe1 c5 19. Bc3 Ra7 20. Bf3 Re7 21. Qd2 Qc7 22. Re1 h5 23. Kh2 Bf5 24. Kg2 Kh7 25. Bxf6 Bxf6 26. Rh1 Be4 27. Qf4 Bxf3+ 28. Qxf3 Bxb2 29. Nd2 Kg7 30. Nc4 Bd4 31. c3 Bf6 32. Rd1 Re6 33. Nb6 Be5 34. Qa8 Bxc3 35. Qxa6 Qc6+ 36.
Kg1 Bd4 37. Qd3 Rf6 38. Rf1 Rf3 39. Qxf3 Qxf3 40. Kh2 Bxf2 0-1

[Event "*** Titled Tuesday Blitz"]
[Site "Chess.com"]
[Date "2019.07.02"]
[Round "5"]
[White "dopolian"]
[Black "adriangschnitzer"]
[Result "0-1"]
[WhiteElo "2328"]
[BlackElo "2474"]
[TimeControl "180+2"]
[EndTime "14:07:12 PDT"]
[Termination "adriangschnitzer won by checkmate"]

1. e4 c6 2. Nc3 d5 3. Nf3 Bg4 4. h3 Bxf3 5. Qxf3 e6 6. d4 Nf6 7.
Bd3 dxe4 8. Nxe4 Qxd4 9. Be3 Qe5 10. O-O Nxe4 11. Bxe4 Nd7 12. Rfd1 Bc5 13. Bxc6 bxc6 14. Qxc6 Rd8 15. Rxd7 Rxd7 16. Rd1 Qc7 17. Qa8+ Qd8 18. Qc6 Bxe3 19. fxe3 Qc7 20. Qb5 f6 21. c4 Ke7 22.
Qb4+ Kf7 23. Rd4 Rxd4 24. exd4 Rd8 25. c5 Qf4 26. Qb7+ Kg6 27. c6 Qxd4+ 28. Kh1 Qf4 29.
Qb3 Rd2 30. c7 Qf1+ 31. Kh2 Qxg2# 0-1

[Event "*** Titled Tuesday Blitz"]
[Site "Chess.com"]
[Date "2019.07.02"]
[Round "5"]
[White "FMJoseHerrera"]
[Black "alturas_pacificas"]
[Result "1-0"]
[WhiteElo "2635"]
[BlackElo "2393"]
[TimeControl "180+2"]
[EndTime "14:07:17 PDT"]
[Termination "FMJoseHerrera won by checkmate"]

1. Nf3 g6 2. g3 Bg7 3. Bg2 e5 4. d3 Ne7 5. h4 h6 6. Nc3 d6 7. e4 O-O 8. Be3 f5 9. Qd2 Kh7 10. O-O-O Nd7 11. h5 g5 12. Bxg5 hxg5 13. Nxg5+ Kh8 14.
Ne6 Qe8 15. Nxc7 Qf7 16. Nxa8 Ng8 17. Nc7 Bh6 18. f4 exf4 19. gxf4 fxe4 20. N7d5 Nb6 21. Bxe4 Be6 22. Bg6 Qg7 23. Qg2 Bxd5 24. Nxd5 Na4 25. c3 b5 26. d4 a5 27. Rhg1 b4 28. Be4 Qa7 29. Qg6 bxc3 30. bxc3 Rb8 31. Rd2 Nxc3 32.
Nxc3 Bxf4 33. h6 Bxd2+ 34. Kxd2 Qxd4+ 35. Bd3 Rb2+ 36. Kd1 Nf6 37. Qg7# 1-0

[Event "*** Titled Tuesday Blitz"]
[Site "Chess.com"]
[Date "2019.07.02"]
[Round "5"]
[White "PaulfromSPb"]
[Black "KaterynaLagno"]
[Result "1-0"]
[WhiteElo "2634"]
[BlackElo "2654"]
[TimeControl "180+2"]
[EndTime "14:07:19 PDT"]
[Termination "PaulfromSPb won by resignation"]

1. d4 Nf6 2. Bf4 d5 3. e3 g6 4. c3 Bg7 5. h3 O-O 6. Nd2 b6 7. Ngf3 c5 8. Bd3 Ba6 9. Bxa6 Nxa6 10. Ne5 Nc7 11. O-O Ne6 12. Bh2 Qe8 13. a4 Nd7 14. Nef3 Qc8 15. Qb3 Qc6 16. Qb5 Qb7 17. Qe2 a6 18. b4 cxb4 19. cxb4 Rfc8 20. b5 a5 21. Qd3 h5 22. Qb3 g5 23. Ne1 Nf6 24. Nd3 g4 25. hxg4 Nxg4 26. Bg3 Bf6 27. Nf3 Rc4 28. Nb2 Rb4 29. Qa2 Rc8 30. Rac1 Nc5 31. Nd2 h4 32.
Bf4 Qd7 33. Rc2 Ne6 34. Nd3 Nxf4 35. Nxf4 Rxc2 36. Qxc2 e5 37. Nd3 exd4 38. Nxb4 Qd6 39. Nf3 dxe3 40. Nd3 exf2+ 41. Nxf2 Ne3 42. Qc8+ Kg7 43.
Re1 d4 44. Ne4 Qf4 45. Nxf6 Qxf6 46. Qd7 Nf5 47. Re5 Nd6 48. Qg4+ 1-0

[Event "*** Titled Tuesday Blitz"]
[Site "Chess.com"]
[Date "2019.07.02"]
[Round "5"]
[White "TonRicher"]
[Black "Zarikovs1999"]
[Result "1/2-1/2"]
[WhiteElo "2411"]
[BlackElo "2531"]
[TimeControl "180+2"]
[EndTime "14:07:19 PDT"]
[Termination "Game drawn by repetition"]

1. d4 Nf6 2. c4 c5 3. d5 b5 4. Qc2 bxc4 5. e4 d6 6. Bxc4 g6 7. Nf3 Bg7 8. O-O O-O 9. Re1 Nbd7 10. Bd2 Nb6 11. Be2 Bb7 12. a4 e6 13. a5 Nbd7 14.
a6 Bc8 15. dxe6 fxe6 16. e5 dxe5 17. Nc3 Nd5 18. Bg5 Qb6 19. Bc4 Nb4 20. Qb3 Re8 21. Be3 Rb8 22. Ng5 Nf8 23. Red1 Bxa6 24. Bxa6 Nxa6 25. Qc4 Nb4 26. Bxc5 Qc6 27. Rxa7 h6 28.
Nge4 Nc2 29. Rd6 Qc8 30. Qd3 Nd4 31. Bxd4 exd4 32. Rxg7+ Kxg7 33. Qxd4+ e5 34. Qd5 Rxb2 35. h4 Qa8 36. Qc5 Qc8 37. Qd5 Qa8 38. Qc5 Qc8 39. Qd5 1/2-1/2

[Event "*** Titled Tuesday Blitz"]
[Site "Chess.com"]
[Date "2019.07.02"]
[Round "5"]
[White "ram1zan"]
[Black "Berardino"]
[Result "1-0"]
[WhiteElo "2786"]
[BlackElo "2528"]
[TimeControl "180+2"]
[EndTime "14:07:20 PDT"]
[Termination "ram1zan won on time"]

1. e4 c5 2. Nc3 b6 3. Bc4 Bb7 4. d3 e6 5. a3 Nf6 6. Ba2 d5 7. e5 Nfd7 8. f4 Nc6 9. Nf3 a6 10. O-O Ne7 11. Qe1 h5 12. Nh4 g6 13. Bd2 Nf5 14. Nf3 Be7 15. Nd1 d4 16. Qe2 Nh4 17. Nxh4 Bxh4 18. Nf2 Bxf2+ 19. Rxf2 Qc7 20. Rff1 h4 21.
h3 Nb8 22. Be1 Nc6 23. Qg4 Ne7 24. Bxh4 Nf5 25. Bf6 Ne3 26. Qg3 Rh5 27. Rf2 Qc6 28.
Re1 Nf5 29. Qg4 Kd7 30. c3 Rg8 31. cxd4 Nxd4 32. b4 Kc8 33. Be7 Kb8 34. bxc5 bxc5 35. Rc1 Qb5 36. Rb1 Qxd3 37. Rfb2 Nb5 38. a4 Qe3+ 39.
Kh2 g5 40. axb5 1-0

[Event "*** Titled Tuesday Blitz"]
[Site "Chess.com"]
[Date "2019.07.02"]
[Round "5"]
[White "SoltaniciR"]
[Black "Last7Samurai"]
[Result "1-0"]
[WhiteElo "2576"]
[BlackElo "2765"]
[TimeControl "180+2"]
[EndTime "14:07:21 PDT"]
[Termination "SoltaniciR won by resignation"]

1. e4 e5 2. Nf3 Nc6 3. Bb5 a6 4. Ba4 g6 5. c3 d6 6. d4 Bd7 7. O-O Bg7 8. Be3 Nf6 9. Nbd2 O-O 10. h3 Re8 11. Bc2 Nh5 12. Re1 h6 13. Bd3 Qf6 14. Bf1 Nf4 15. Kh2 g5 16. d5 Ne7 17.
Ng1 h5 18. g3 Neg6 19. c4 g4 20. c5 Nxh3 21. Nxh3 gxh3 22. cxd6 cxd6 23. Qxh5 Nf4 24. gxf4 exf4 25. Bb6 Qxb2 26. Nc4 Qf6 27. Bxh3 Bb5 28. Nd2 Re5 29. Bf5 Rae8 30. Nf3 Rxf5 31. Qxf5 Qh6+ 32. Qh3 Qg6 33. Rg1 Qxe4 34. Bd4 f6 35. Bxf6 1-0

[Event "*** Titled Tuesday Blitz"]
[Site "Chess.com"]
[Date "2019.07.02"]
[Round "5"]
[White "mbojan"]
[Black "CookiesAndIceCream"]
[Result "1-0"]
[WhiteElo "2599"]
[BlackElo "2367"]
[TimeControl "180+2"]
[EndTime "14:07:24 PDT"]
[Termination "mbojan won by resignation"]

1. e4 e6 2. d4 d5 3. Nc3 Nf6 4. e5 Nfd7 5. f4 c5 6. Nf3 Nc6 7. Be3 a6 8. Qd2 b5 9. dxc5 Bxc5 10. Nd4 Qb6 11. O-O-O O-O 12. Kb1 Bb7 13. h4 Rfc8 14. g4 Nxd4 15. Bxd4 Bxd4 16. Qxd4 Nc5 17.
a3 Qc7 18. Rh2 Ne4 19. Rh3 Qa5 20. Nxe4 dxe4 21. Qb4 Qb6 22. Qd4 Qa5 23. Qb4 Qb6 24. a4 Rd8 25. Rd6 Qg1 26. Qe1 Bd5 27. Rg3 Qc5 28.
Rc3 Qb4 29. Rxd8+ Rxd8 30. axb5 axb5 31. Be2 Qa5 32. b3 Ra8 33. Rc8+ Qd8 34. Rxd8+ Rxd8 35. Bxb5 h6 36. c4 Bb7 37. g5 Rd3 38. Kb2 hxg5 39. hxg5 e3 40. c5 Rd2+ 41. Kc3 1-0